 Dungeon Crawl Stone Soup version 0.21.1-1-g345015f (webtiles) character file.

74 zishaf the Magician (level 4, -7/24 HPs)
             Began as a Deep Elf Fire Elementalist on May 7, 2018.
             Killed from afar by a goblin (19 damage)
             ... with an exploding inner flame
             ... hexed by the player character
             ... on level 3 of the Dungeon.
             The game lasted 00:06:57 (1774 turns).

zishaf the Magician (Deep Elf Fire Elementalist)    Turns: 1774, Time: 00:06:58

Health: -7/24      AC:  3    Str:  5    XL:     4   Next: 9%
Magic:  2/12       EV: 13    Int: 21    God:
Gold:   65         SH:  0    Dex: 15    Spells: 7/11 levels left

rFire    . . .     SeeInvis .   (no weapon)
rCold    . . .     Gourm    .   (no shield)
rNeg     . . .     Faith    .   a - +0 robe
rPois    .         Spirit   .   (no helmet)
rElec    .         Reflect  .   (no cloak)
rCorr    .         Harm     .   h - +0 pair of gloves
MR       .....                  (no boots)
Stlth    +++.......             (no amulet)
HPRegen  0.08/turn              (no ring)
MPRegen  0.13/turn              (no ring)

@: very slightly contaminated
A: no striking features
a: no special abilities


You were on level 3 of the Dungeon.
You were not hungry.

You visited 1 branch of the dungeon, and saw 3 of its levels.

You collected 65 gold pieces.

Inventory:

Armour
 a - a +0 robe (worn)
 h - a +0 pair of gloves (worn)
Jewellery
 j - an uncursed ring of magical power {unknown}
Scrolls
 d - 2 scrolls of amnesia {unknown}
 e - a scroll of teleportation {unknown}
 i - 2 scrolls of identify {unknown}
 k - 2 scrolls of enchant armour {unknown}
Potions
 g - a potion of cancellation {unknown}
Books
 b - a book of Flames

   Spells                             Type                      Level
   a - Flame Tongue                   Conjuration/Fire             1
   b - Throw Flame                    Conjuration/Fire             2
   c - Conjure Flame                  Conjuration/Fire             3
   d - Inner Flame                    Hexes/Fire                   3
   e - Sticky Flame                   Conjuration/Fire             4
   f - Fireball                       Conjuration/Fire             5
Comestibles
 c - 7 rations
 f - 2 chunks of flesh


   Skills:
 + Level 2.5 Dodging
 + Level 3.7 Stealth
 - Level 4.2 Spellcasting
 + Level 1.1 Conjurations
 + Level 4.1 Fire Magic


You had 7 spell levels left.
You knew the following spells:

 Your Spells              Type           Power        Failure   Level  Hunger
a - Flame Tongue          Conj/Fire      ###..        3%          1    None
b - Inner Flame           Hex/Fire       ##......     16%         3    ###....


Dungeon Overview and Level Annotations

Branches:
Dungeon (3/15)

Altars:

Annotations:
D:3 Ijyb


Message History

Confirm with . or Enter, or press ? or * to list all spells.
Aiming: Flame Tongue
Press: ? - help, Shift-Dir - straight line, f/p - goblin
Aim: a goblin, wielding a dagger (inner flame)
The flame tongue hits the goblin.
The goblin is heavily wounded.
The hobgoblin misses you.
Ijyb drinks a potion.
Ijyb goes berserk!
The rat closely misses you.
The goblin hits you with an uncursed dagger.
A hobgoblin comes into view. It is wielding a club.
Casting: Flame Tongue
Confirm with . or Enter, or press ? or * to list all spells.
Aiming: Flame Tongue
Press: ? - help, Shift-Dir - straight line, f/p - goblin
Aim: a goblin, wielding a dagger (heavily wounded, inner flame)
The flame tongue hits the goblin.
The goblin explodes!
The fiery explosion engulfs you!
Ouch! That really hurt!
You die...

##..##...#
##...(..######. #!.
####..#........ .#..
#..#....##.r #$)..
###....# ##.. ..g.
###....### #.# .g.#
##.......### ##.##.?.#^.
...........# #..§r§.....
##......##.###..@§#
...#....##.##..(#g§.#
####...........##.......
#....##.#.%.##.......
#....##..............
#....####.....#......
#....# ...##........
#....# ..#.# $.......
#####..##..# .....


You could see Ijyb (berserk), 2 hobgoblins and a rat.

Vanquished Creatures
  An adder (D:2)
  An ooze (D:2)
  5 dart slugs
  A leopard gecko (D:1)
  A ball python (D:1)
  3 giant cockroaches
  3 goblins
  10 hobgoblins
  A quokka (D:1)
  5 bats
  3 frilled lizards
  11 kobolds
  5 rats
50 creatures vanquished.

Notes
Turn   | Place    | Note
-------+----------+-------------------------------------------
     0 | D:1      | zishaf the Deep Elf Fire Elementalist began the quest for the Orb.
     0 | D:1      | Reached XP level 1. HP: 10/10 MP: 6/6
   281 | D:1      | Reached XP level 2. HP: 15/15 MP: 6/8
  1139 | D:2      | Reached XP level 3. HP: 19/19 MP: 8/10
  1550 | D:2      | Learned a level 3 spell: Inner Flame
  1562 | D:2      | Reached XP level 4. HP: 24/24 MP: 9/12
  1768 | D:3      | Noticed Ijyb
  1774 | D:3      | Killed from afar by a goblin

Skill      XL: |  1  2  3 |
---------------+----------+-----
Stealth        | 3 |  3.7
Spellcasting   | 4 |  4.2
Fire Magic     | 4 |  4.1
Dodging        | |  2.5
Conjurations   | |  1.1

Action                   |  1- 3 |  4- 6 || total
-------------------------+-------+-------++-------
Melee: Unarmed           |     1 |       ||     1
 Cast: Flame Tongue      |    77 |    15 ||    92
       Inner Flame       |       |     1 ||     1
  Eat: Chunk             |     2 |       ||     2
Armor: Robe              |     8 |     3 ||    11
Dodge: Dodged            |    26 |     7 ||    33
